Map: Desvio para o Azul LE

Players

Vicster

  • Race: Terran Terran
  • League: Gold
  • Spawn Location: 1:00

Lwolfx - Winner!

  • Race: Zerg Zerg
  • League: Silver
  • Spawn Location: 7:00

VOD

Have the link to the VOD?

Description

Time

  • Played on: Jan. 5, 2019, 1:29 p.m.
  • Length: 12:22
Show
View Real Time Build Order
Export as new Build Order

Vicster Terran 

Build Orders:  

Get SALT Encoding   

  12  0:01  SCV  
  13  0:13  SCV  
  14  0:17  Supply Depot  
  14  0:25  SCV  
  15  0:39  SCV  
  15  0:42  Barracks  
  16  0:51  SCV  
  16  0:53  Refinery  
  17  1:03  SCV  
  18  1:15  SCV  
  19  1:27  SCV  
  19  1:29  Marine  
  21  1:34  Command Center  
  21  1:43  Orbital Command  
  21  1:48  Marine  
  22  2:07  Factory  
  22  2:12  Supply Depot  
  22  2:16  Barracks Reactor  
  22  2:22  SCV  
  23  2:26  Refinery  
  23  2:34  SCV  
  24  2:43  Bunker  
  24  2:53  Factory Tech Lab  
  24  2:59  Orbital Command  
  24  3:03  Barracks  
  24  3:08  Barracks  
  24  3:10  Marine  
  24  3:12  Starport  
  25  3:16  Supply Depot  
  25  3:17  Marine  
  26  3:27  Marine  
  26  3:28  SCV  
  26  3:30  SCV  
  29  3:40  SCV  
  30  3:42  Marine, Supply Depot  
  30  3:43  SCV  
  30  3:45  Marine  
  33  3:49  Siege Tank  
  33  3:52  Starport Reactor  
  33  3:54  Barracks Tech Lab  
  36  3:57  SCV  
  36  3:58  SCV  
  36  4:01  Barracks Tech Lab  
  38  4:05  Marine x2  
  40  4:15  SCV  
  41  4:19  SCV  
  41  4:23  Marine  
  43  4:25  Marine  
  43  4:27  Stimpack  
  43  4:28  SCV  
  45  4:31  SCV  
  45  4:35  Supply Depot  
  46  4:40  SCV  
  46  4:41  Marine  
  46  4:43  SCV  
  49  4:46  Combat Shield  
  49  4:49  Marine x3  
  49  4:52  SCV  
  53  4:55  SCV  
  53  4:57  Supply Depot  
  54  5:08  SCV  
  54  5:10  Marine x2  
  54  5:12  Marauder  
  54  5:13  Marauder, Medivac  
  63  5:18  Refinery  
  63  5:20  SCV x2  
  63  5:21  Refinery  
  65  5:27  Engineering Bay x2  
  65  5:28  Marine  
  65  5:32  SCV  
  65  5:33  SCV  
  68  5:50  Marine  
  68  5:51  Marine, Marauder x2  
  68  5:52  Siege Tank  
  77  5:59  Barracks  
  77  6:00  Terran Infantry Weapons Level 1  
  77  6:01  Barracks  
  77  6:02  Barracks  
  77  6:08  Marine  
  78  6:14  Terran Infantry Armor Level 1  
  78  6:23  Supply Depot  
  78  6:25  Supply Depot  
  78  6:27  Concussive Shells  
  78  6:44  Marine x3, SCV x2  
  78  6:45  Marauder  
  78  6:46  Barracks Reactor, Siege Tank, Medivac  
  90  6:47  Barracks Reactor  
  90  6:51  Barracks Reactor  
  90  6:57  SCV x2  
  92  7:02  Marine x2  
  92  7:08  Supply Depot  
  94  7:12  Supply Depot  
  94  7:21  Armory  
  94  7:26  Marine  
  94  7:28  Marine  
  94  7:29  SCV x2  
  83  7:41  SCV x2  
  85  7:46  Marine  
  85  7:48  Missile Turret  
  85  7:50  Missile Turret  
  86  7:53  SCV  
  83  8:32  SCV  
  83  8:33  Marine x3, SCV  
  83  8:34  Marine x7  
  72  8:44  SCV  
  72  8:45  SCV  
  59  8:51  Marine x8  
  59  8:52  Marine x2  
  66  9:10  Missile Turret  
  66  9:16  Marine  
  66  9:17  Marine x7  
  67  9:22  Command Center  
  67  9:23  Unknown x3  
  67  9:24  Unknown  
  74  9:31  Missile Turret  
  74  9:51  Missile Turret  
  71  10:25  Medivac x2  
  71  10:26  Marine x3  
  71  10:27  Marine x5  
  83  10:29  Missile Turret  
  83  10:32  Unknown  
  83  10:39  SCV  
  84  10:43  Marine  
  84  10:44  Marine x5  
  84  10:45  Marine x2, Thor  
  84  10:48  Orbital Command  
  97  11:18  Marine x6, Marauder x2  
  103  11:20  Orbital Command  
  111  11:40  Marauder x2  
  111  11:50  Viking, Hellion  
  111  11:51  Marine x8  
Show
View Real Time Build Order
Export as new Build Order

Lwolfx Zerg - Winner!

Build Orders: Hatch First, Muta Ling Bane 

Get SALT Encoding   

  12  0:01  Drone  
  13  0:12  Overlord  
  13  0:21  Drone  
  14  0:31  Drone x2  
  14  0:35  Drone  
  17  0:57  Hatchery  
  16  1:08  Spawning Pool  
  16  1:09  Drone  
  16  1:13  Extractor  
  16  1:15  Drone  
  16  1:26  Drone  
  16  1:28  Drone  
  18  1:51  Overlord  
  18  1:54  Queen  
  18  1:55  Zergling x4  
  22  2:11  Queen  
  22  2:12  Drone x2  
  26  2:20  Drone  
  26  2:22  Drone  
  28  2:31  Overlord x2  
  28  2:47  Drone x3  
  31  2:53  Metabolic Boost  
  31  2:55  Zergling x2  
  32  3:04  Overlord x2  
  32  3:11  Drone x3  
  32  3:12  Drone  
  36  3:22  Lair  
  36  3:25  Drone x5  
  41  3:30  Extractor  
  40  3:43  Drone x3  
  40  3:45  Drone  
  40  3:46  Drone  
  45  3:53  Pneumatized Carapace  
  45  3:56  Drone  
  45  3:58  Extractor  
  45  4:21  Drone x3  
  48  4:30  Spire  
  48  4:31  Extractor  
  46  4:51  Hatchery  
  45  4:53  Overseer  
  44  5:03  Zergling x4  
  44  5:04  Zergling x4  
  48  5:09  Baneling Nest  
  47  5:14  Drone x2  
  47  5:15  Drone x2  
  51  5:25  Overseer  
  51  5:44  Overlord x3  
  51  5:55  Baneling x6  
  51  5:59  Centrifical Hooks  
  51  6:04  Mutalisk x4  
  51  6:07  Zergling x4  
  51  6:08  Zergling x12  
  51  6:10  Queen  
  69  6:19  Drone  
  69  6:20  Drone x2  
  72  6:27  Mutalisk x2  
  76  6:38  Zergling x10  
  81  6:41  Baneling  
  81  6:42  Baneling x5  
  81  6:43  Overlord x2  
  83  7:01  Drone x2  
  83  7:02  Drone x4  
  83  7:07  Extractor  
  86  7:10  Zerg Flyer Weapons Level 1  
  86  7:16  Roach Warren  
  85  7:43  Zergling x2  
  85  7:44  Zergling x22  
  97  8:18  Baneling  
  97  8:19  Baneling x6  
  95  8:20  Overlord x3  
  95  8:23  Roach  
  95  8:24  Roach  
  67  8:50  Mutalisk  
  67  8:51  Mutalisk x8  
  85  9:06  Drone x4  
  85  9:09  Extractor  
  88  9:11  Glial Reconstitution  
  88  9:12  Zerg Flyer Weapons Level 2  
  88  9:21  Infestation Pit  
  87  9:32  Zergling x2  
  87  9:33  Zergling x22  
  99  9:43  Zergling x4  
  99  9:44  Zergling x6  
  102  10:04  Hatchery  
  99  10:21  Zergling x2  
  99  10:22  Zergling x22  
  99  10:23  Baneling x2  
  99  10:24  Baneling x22  
  111  10:37  Roach  
  111  10:39  Overlord x3  
  111  10:40  Overlord  
  111  11:01  Drone x6  
  111  11:02  Roach  
  111  11:03  Roach x7  
  133  11:19  Baneling x7  
  133  11:20  Roach x3  
Tags
 
Add a new tag
Caveats
  • Supply blocks, unpowered buildings, or Contaminate may cause inaccurate times.
  • Supply counts are checked every 10 seconds.